 Dungeon Sprint DCSS version 0.26-a0-649-gf8c6c3aab7 (webtiles) character file.

Game seed: 8716923656817564330

7501 sahdkjhfkaj the Thaumaturge (level 11, -13/117 HPs)
             Began as a Gnoll Venom Mage on Sept 26, 2020.
             Was a High Priest of Sif Muna.
             Mangled by Donald
             ... wielding a +2 demon trident of electrocution
              (23 damage)
             ... in the Dungeon (Sprint VII: "The Pits").
             The game lasted 00:10:25 (3699 turns).

sahdkjhfkaj the Thaumaturge (Gnoll Venom Mage)      Turns: 3699, Time: 00:10:25

Health: -13/117    AC: 28    Str: 14      XL:     11   Next: 16%
Magic:  9/26       EV: 21    Int: 20      God:    Sif Muna [*****.]
Gold:   0          SH:  0    Dex: 18 (19) Spells: 8/32 levels left

rFire    . . .     SeeInvis .   m - +2 scimitar (holy)
rCold    . . .     Faith    .   (no shield)
rNeg     + . .     Spirit   .   (armour currently unavailable)
rPois    ∞         Reflect  .   t - +0 helmet
rElec    +         Harm     .   u - +0 cloak
rCorr    .         Rampage  .   (gloves currently unavailable)
MR       .....     NoTele   +   (boots currently unavailable)
Stlth    ++........             (no amulet)
HPRegen  0.29/turn              n - +3 ring of dexterity
MPRegen  0.20/turn              o - +3 ring of strength

@: statue-form, contaminated, glowing, very slow
A: distributed training, fangs 1, deterioration 1, strong nose
a: End Transformation, Channel Magic, Forget Spell, Divine Exegesis, Renounce
Religion


You were in the Dungeon.
You worshipped Sif Muna.
Sif Muna was extremely pleased with you.
You were a stone statue.
You visited 1 branch

Inventory:

Hand Weapons
 m - a +2 scimitar of holy wrath (weapon)
Armour
 t - a +0 helmet (worn)
 u - a +0 cloak (worn)
 v - a +0 pair of gloves (melded)
 w - a +3 scale mail (melded)
Jewellery
 n - a +3 ring of dexterity (left hand)
 o - a +3 ring of strength (right hand)
Scrolls
 h - a scroll of blinking
 i - 3 scrolls of remove curse
 j - 5 scrolls of amnesia
 k - a scroll of summoning
 l - 2 scrolls of vulnerability
Potions
 b - a potion of invisibility
 c - 4 potions of curing
 d - 7 potions of heal wounds
 e - a potion of haste
 f - 4 potions of magic
 g - 3 potions of berserk rage
 p - a potion of resistance
 q - a potion of mutation
 r - 3 potions of brilliance
 s - a potion of stabbing


   Skills:
 + Level 9.9 Fighting
 + Level 9.9 Short Blades
 + Level 9.9 Long Blades
 + Level 9.9 Axes
 + Level 9.9 Maces & Flails
 + Level 9.9 Polearms
 + Level 9.9 Staves
 + Level 9.9 Slings
 + Level 9.9 Bows
 + Level 9.9 Crossbows
 + Level 9.9 Throwing
 + Level 9.9 Armour
 + Level 10.8 Dodging
 + Level 10.7 Stealth
 + Level 9.9 Shields
 + Level 9.9 Unarmed Combat
 + Level 11.0 Spellcasting
 + Level 8.3 Conjurations
 + Level 8.3 Hexes
 + Level 8.3 Summonings
 + Level 8.3 Necromancy
 + Level 8.3 Translocations
 + Level 8.6 Transmutations
 + Level 8.3 Fire Magic
 + Level 8.3 Ice Magic
 + Level 8.3 Air Magic
 + Level 8.3 Earth Magic
 + Level 10.0 Poison Magic
 + Level 10.7 Invocations
 + Level 9.9 Evocations


You had 8 spell levels left.
You knew the following spells:

 Your Spells              Type           Power        Failure   Level
a - Sting                 Tmut/Pois      ####         1%          1
b - Ignite Poison         Fire/Tmut/Pois #####...     1%          3
c - Olgreb's Toxic Radia  Pois           ######..     1%          4
d - Dispel Undead         Necr           #####...     1%          4
e - Simulacrum            Ice/Necr       #####.....   30%         6
S - Statue Form           Tmut/Erth      #####....    28%         6

Your spell library contained the following spells:

 Spells                   Type           Power        Failure   Level
 Beastly Appendage        Tmut           #####.       1%          1
 Pain                     Necr           ####         1%          1
 Corpse Rot               Necr/Air       N/A          1%          2
 Poisonous Vapours        Pois/Air       #####.       1%          2
 Sublimation of Blood     Necr           #####.....   1%          2
 Confusing Touch          Hex            #####...     1%          3
 Gell's Gravitas          Tloc           #####.....   1%          3
 Mephitic Cloud           Conj/Pois/Air  #####...     1%          3
 Static Discharge         Conj/Air       #####...     1%          3
 Cause Fear               Hex            #####.....   1%          4
 Fulminant Prism          Conj/Hex       #####.....   1%          4
 Ice Form                 Ice/Tmut       #####...     1%          4
 Leda's Liquefaction      Hex/Erth       #####.....   1%          4
 Silence                  Hex/Air        #####.....   5%          5
 Summon Forest            Summ/Tloc      #####.....   5%          5
 Yara's Violent Unravell  Hex/Tmut       #####.....   5%          5
 Eringya's Noxious Bog    Tmut/Pois      #####.....   21%         6
 Haunt                    Necr/Summ      #####.....   86%         7
 Necromutation            Tmut/Necr      #####.....   100%        8
 Death's Door             Necr           #####.....   100%        9


Dungeon Overview and Level Annotations

Branches:
Dungeon (1/1)

Altars:
Ashenzari
Cheibriados
Dithmenos
Elyvilon
Fedhas
Gozag
Hepliaklqana
Kikubaaqudgha
Makhleb
Nemelex Xobeh
Okawaru
Qazlal
Ru
Sif Muna
Trog
Uskayaw
Vehumet
Wu Jian
Xom
Yredelemnul
Zin
The Shining One
Beogh
Jiyva
Lugonu

Annotations:
D Donald


Innate Abilities, Weirdness & Mutations

Your experience applies equally to all skills.
You have very sharp teeth.
Your uncanny sense of smell can sniff out nearby items.
Your body sometimes deteriorates upon taking damage.


Message History

You feel less invigorated.
Casting: Statue Form (quite dangerous; 67% risk of failure)
Confirm with . or Enter, or press ? or * to list all spells.
The spell is quite dangerous to cast (67% risk of failure)!
Continue anyway?
You turn into a living statue of rough stone.
Your +0 pair of gloves melds into your body.
Your +3 scale mail melds into your body.
Donald hits you from afar with a +2 demon trident of electrocution!
Donald misses you.
Donald hits you with a +2 demon trident of electrocution!!
Donald hits you with a +2 demon trident of electrocution!
* * * LOW HITPOINT WARNING * * *
You barely miss Donald. Your punch misses Donald.
Donald hits you with a +2 demon trident of electrocution!!
* * * LOW HITPOINT WARNING * * *
Your body deteriorates!
You feel clumsy. Donald hits you but does no damage. Donald blocks your attack.
You bite Donald, but do no damage.
Donald hits you with a +2 demon trident of electrocution!!
You die...

############ #_________.#
#_________.#
#_______...###########++##
##########'##.............
#..(.')))'.##......#..#...
##########.##.............
#).......8@.'.............
#'#####'#####......#..#...
#(#..#...'.##.............
#.#..#...#.#####'#####''##
#.#..#####.##.......##''#
#.#..'...#.##.......##..##
#.#..'...).##.......##...#
#(#..########...<...###..@
#.#..'.)))[##.......# ##..


You could see Donald (fast, strong).

Vanquished Creatures
  Erica (D)
  A death yak (D)
  2 sea snakes (D)
  A deep troll (D)
  A phantasmal warrior (D)
  A wolf spider (D)
  A manticore (D)
  A gargoyle (D)
  A rust devil (D)
  A guardian mummy (D)
  A polar bear (D)
  A troll (D)
  5 blink frogs (D)
  A vampire (D)
  A water moccasin (D)
  A porcupine (D)
  A black bear (D)
  A small abomination (D)
  2 wolves (D)
  A centaur (D)
  A crocodile (D)
  A bullfrog (D)
  A gnoll sergeant (D)
  An earth elemental (D)
  A scorpion (D)
  A jelly (D)
  A gnoll shaman (D)
  A worker ant (D)
  2 river rats (D)
  8 gnolls (D)
  2 ufetubi (D)
  2 worms (D)
  A leopard gecko (D)
  3 orcs (D)
  A ball python (D)
  2 giant cockroaches (D)
  3 jackals (D)
  2 bats (D)
  A bat simulacrum (D)
  A rat (D)
62 creatures vanquished.

Vanquished Creatures (collateral kills)
  A cane toad (D)
1 creature vanquished.

Grand Total: 63 creatures vanquished

Notes
Turn   | Place    | Note
-------+----------+-------------------------------------------
     0 | D        | sahdkjhfkaj the Gnoll Venom Mage began the quest for the
                  | Orb.
     0 | D        | Reached XP level 1. HP: 13/13 MP: 6/6
    12 | D        | Reached skill level 1 in Fighting
    12 | D        | Reached skill level 1 in Short Blades
    12 | D        | Reached skill level 1 in Long Blades
    12 | D        | Reached skill level 1 in Axes
    12 | D        | Reached skill level 1 in Maces & Flails
    12 | D        | Reached skill level 1 in Polearms
    12 | D        | Reached skill level 1 in Staves
    12 | D        | Reached skill level 1 in Slings
    12 | D        | Reached skill level 1 in Bows
    12 | D        | Reached skill level 1 in Crossbows
    12 | D        | Reached skill level 1 in Throwing
    12 | D        | Reached skill level 1 in Armour
    12 | D        | Reached skill level 1 in Shields
    12 | D        | Reached skill level 1 in Unarmed Combat
    12 | D        | Reached skill level 5 in Spellcasting
    12 | D        | Reached skill level 1 in Invocations
    12 | D        | Reached skill level 1 in Evocations
    26 | D        | Found a bloodstained altar of Trog.
    26 | D        | Found a shimmering blue altar of Sif Muna.
    26 | D        | Found a viscous altar of Jiyva.
    26 | D        | Found a hazy altar of Hepliaklqana.
    26 | D        | Found an opulent altar of Gozag.
    27 | D        | Found a glowing golden altar of the Shining One.
    27 | D        | Found a glowing silver altar of Zin.
    27 | D        | Found a basalt altar of Yredelemnul.
    27 | D        | Found a shimmering altar of Xom.
    27 | D        | Found an ornate altar of the Wu Jian Council.
    27 | D        | Found a sacrificial altar of Ru.
    27 | D        | Found a stormy altar of Qazlal.
    27 | D        | Found an iron altar of Okawaru.
    27 | D        | Found a sparkling altar of Nemelex Xobeh.
    27 | D        | Found a burning altar of Makhleb.
    27 | D        | Found a blossoming altar of Fedhas.
    27 | D        | Found a white marble altar of Elyvilon.
    27 | D        | Found a shadowy altar of Dithmenos.
    27 | D        | Found a snail-covered altar of Cheibriados.
    28 | D        | Found a radiant altar of Vehumet.
    28 | D        | Found a corrupted altar of Lugonu.
    28 | D        | Found a roughly hewn altar of Beogh.
    29 | D        | Found a hide-covered altar of Uskayaw.
    29 | D        | Found an ancient bone altar of Kikubaaqudgha.
    29 | D        | Found a broken altar of Ashenzari.
    32 | D        | Became a worshipper of Sif Muna the Loreminder
    63 | D        | Reached skill level 1 in Conjurations
    63 | D        | Reached skill level 1 in Hexes
    63 | D        | Reached skill level 1 in Summonings
    63 | D        | Reached skill level 1 in Necromancy
    63 | D        | Reached skill level 1 in Translocations
    63 | D        | Reached skill level 1 in Fire Magic
    63 | D        | Reached skill level 1 in Ice Magic
    63 | D        | Reached skill level 1 in Air Magic
    63 | D        | Reached skill level 1 in Earth Magic
    63 | D        | Reached XP level 2. HP: 21/21 MP: 2/8
   126 | D        | Reached * piety under Sif Muna
   237 | D        | Noticed a wolf
   256 | D        | Reached XP level 3. HP: 21/27 MP: 1/9
   330 | D        | Learned a level 3 spell: Ignite Poison
   344 | D        | Killed a wolf
   344 | D        | Reached ** piety under Sif Muna
   344 | D        | Reached skill level 5 in Dodging
   344 | D        | Reached skill level 5 in Stealth
   344 | D        | Reached XP level 4. HP: 21/35 MP: 6/11
   683 | D        | Reached skill level 6 in Spellcasting
   683 | D        | Reached XP level 5. HP: 35/41 MP: 7/13
   851 | D        | Learned a level 4 spell: Olgreb's Toxic Radiance
   860 | D        | Noticed a wolf
   861 | D        | Noticed a water moccasin
   862 | D        | Reached *** piety under Sif Muna
   862 | D        | Killed a wolf
   862 | D        | Reached XP level 6. HP: 38/48 MP: 6/15
   863 | D        | Reached skill level 5 in Invocations
   873 | D        | Killed a water moccasin
   873 | D        | Reached **** piety under Sif Muna
   873 | D        | Reached skill level 5 in Fighting
   873 | D        | Reached skill level 5 in Short Blades
   873 | D        | Reached skill level 5 in Long Blades
   873 | D        | Reached skill level 5 in Axes
   873 | D        | Reached skill level 5 in Maces & Flails
   873 | D        | Reached skill level 5 in Polearms
   873 | D        | Reached skill level 5 in Staves
   873 | D        | Reached skill level 5 in Slings
   873 | D        | Reached skill level 5 in Bows
   873 | D        | Reached skill level 5 in Crossbows
   873 | D        | Reached skill level 5 in Throwing
   873 | D        | Reached skill level 5 in Armour
   873 | D        | Reached skill level 5 in Shields
   873 | D        | Reached skill level 5 in Unarmed Combat
   873 | D        | Reached skill level 7 in Spellcasting
   873 | D        | Reached skill level 5 in Evocations
   875 | D        | Reached XP level 7. HP: 42/56 MP: 6/17
  1089 | D        | Reached skill level 5 in Transmutations
  1188 | D        | Reached ***** piety under Sif Muna
  1188 | D        | Identified Sif Muna's Compendium of Evil (Sif Muna gifted
                  | it to you in the Dungeon)
  1188 | D        | Received a gift from Sif Muna
  1235 | D        | Noticed a deep troll
  1235 | D        | Noticed a guardian mummy
  1238 | D        | Killed a deep troll
  1238 | D        | Reached skill level 8 in Spellcasting
  1238 | D        | Reached skill level 5 in Conjurations
  1238 | D        | Reached skill level 5 in Hexes
  1238 | D        | Reached skill level 5 in Summonings
  1238 | D        | Reached skill level 5 in Necromancy
  1238 | D        | Reached skill level 5 in Translocations
  1238 | D        | Reached skill level 5 in Fire Magic
  1238 | D        | Reached skill level 5 in Ice Magic
  1238 | D        | Reached skill level 5 in Air Magic
  1238 | D        | Reached skill level 5 in Earth Magic
  1238 | D        | Reached XP level 8. HP: 65/65 MP: 7/20
  1266 | D        | Learned a level 4 spell: Dispel Undead
  1268 | D        | Killed a guardian mummy
  1491 | D        | Noticed a manticore
  1494 | D        | Noticed a gargoyle
  1496 | D        | Killed a manticore
  1496 | D        | Reached XP level 9. HP: 64/72 MP: 3/21
  1567 | D        | Killed a gargoyle
  1567 | D        | Identified Sif Muna's Compendium of Frigorific Battle Magic
                  | (Sif Muna gifted it to you in the Dungeon)
  1567 | D        | Received a gift from Sif Muna
  1567 | D        | Reached skill level 9 in Spellcasting
  1825 | D        | Learned a level 6 spell: Simulacrum
  1873 | D        | Noticed Erica
  1873 | D        | Noticed a sea snake
  1877 | D        | Killed a sea snake
  1878 | D        | Killed Erica
  1878 | D        | Reached XP level 10. HP: 76/81 MP: 5/23
  2038 | D        | Noticed a phantasmal warrior
  2058 | D        | Killed a phantasmal warrior
  2058 | D        | Reached skill level 10 in Spellcasting
  2199 | D        | Identified Tileps's Grimoire of Transmigration and
                  | Orientation (Sif Muna gifted it to you in the Dungeon)
  2199 | D        | Received a gift from Sif Muna
  2240 | D        | Noticed a cane toad
  2254 | D        | Killed a cane toad
  2254 | D        | Reached skill level 10 in Dodging
  2480 | D        | Noticed a sea snake
  2484 | D        | Reached skill level 10 in Stealth
  2486 | D        | Killed a sea snake
  2486 | D        | Identified Sif Muna's Guide on Enchantment (Sif Muna gifted
                  | it to you in the Dungeon)
  2486 | D        | Received a gift from Sif Muna
  2486 | D        | Reached skill level 10 in Invocations
  2617 | D        | Noticed a rust devil
  2708 | D        | Killed a rust devil
  3371 | D        | Noticed a death yak
  3378 | D        | Killed a death yak
  3378 | D        | Identified Sif Muna's Incunabulum of Transmigration (Sif
                  | Muna gifted it to you in the Dungeon)
  3378 | D        | Received a gift from Sif Muna
  3378 | D        | Reached XP level 11. HP: 56/90 MP: 5/25
  3520 | D        | Learned a level 6 spell: Statue Form
  3531 | D        | Noticed a wolf spider
  3537 | D        | Killed a wolf spider
  3537 | D        | Reached skill level 11 in Spellcasting
  3537 | D        | Reached skill level 10 in Poison Magic
  3641 | D        | Noticed a deep troll
  3641 | D        | Noticed an orc high priest
  3641 | D        | Noticed Donald
  3642 | D        | Noticed a lindwurm
  3694 | D        | Gained mutation: Your body sometimes deteriorates upon
                  | taking damage. [mutagenic glow]
  3699 | D        | Mangled by Donald

Illustrated notes

Levels and vault maps discovered:
D:        pitsprint [storerooms_1, entrance_room_1, metal_vault_5, armoury_1,
          mini_pit_1, grid_room_1, main_hall_1, silver_pit, the_coven_3,
          the_vestibule_1, steel_vault_1, golden_pit, hallway_of_sentries,
          crystal_vault_4, iron_vault_4, final_vault]

Skill      XL: |  1  2  3  4  5  6  7  8  9 10 11 |
---------------+----------------------------------+-----
Fighting       | 1 3 4 5 6 7 8 9 |  9.9
Short Blades   | 1 3 4 5 6 7 8 9 |  9.9
Long Blades    | 1 3 4 5 6 7 8 9 |  9.9
Axes           | 1 3 4 5 6 7 8 9 |  9.9
Maces & Flails | 1 3 4 5 6 7 8 9 |  9.9
Polearms       | 1 3 4 5 6 7 8 9 |  9.9
Staves         | 1 3 4 5 6 7 8 9 |  9.9
Slings         | 1 3 4 5 6 7 8 9 |  9.9
Bows           | 1 3 4 5 6 7 8 9 |  9.9
Crossbows      | 1 3 4 5 6 7 8 9 |  9.9
Throwing       | 1 3 4 5 6 7 8 9 |  9.9
Armour         | 1 3 4 5 6 7 8 9 |  9.9
Shields        | 1 3 4 5 6 7 8 9 |  9.9
Unarmed Combat | 1 3 4 5 6 7 8 9 |  9.9
Spellcasting   | 5 6 7 8 9 10 11 | 11.0
Transmutations | 2 3 4 5 6 7 8 |  8.6
Invocations    | 1 2 3 4 5 7 9 10 | 10.7
Evocations     | 1 3 4 5 6 7 8 9 |  9.9
Conjurations   | 1 2 3 4 5 6 8 |  8.3
Hexes          | 1 2 3 4 5 6 8 |  8.3
Summonings     | 1 2 3 4 5 6 8 |  8.3
Necromancy     | 1 2 3 4 5 6 8 |  8.3
Translocations | 1 2 3 4 5 6 8 |  8.3
Fire Magic     | 1 2 3 4 5 6 8 |  8.3
Ice Magic      | 1 2 3 4 5 6 8 |  8.3
Air Magic      | 1 2 3 4 5 6 8 |  8.3
Earth Magic    | 1 2 3 4 5 6 8 |  8.3
Dodging        | 5 6 8 9 10 | 10.8
Stealth        | 5 6 7 8 9 10 | 10.7
Poison Magic   | 6 7 8 9 10 | 10.0

Action                   |  1- 3 |  4- 6 |  7- 9 | 10-12 || total
-------------------------+-------+-------+-------+-------++-------
Melee: Scimitar          |       |       |     9 |    61 ||    70
       Bite              |       |       |     2 |    10 ||    12
       Punch             |       |       |       |     2 ||     2
 Cast: Sting             |    21 |     7 |       |     4 ||    32
       Ignite Poison     |       |     6 |    12 |    19 ||    37
       Olgreb's Toxic Ra |       |     1 |    12 |    13 ||    26
       Dispel Undead     |       |       |     2 |     2 ||     4
       Simulacrum        |       |       |       |     2 ||     2
       Statue Form       |       |       |       |     1 ||     1
Invok: Channel Magic     |     1 |     1 |       |     1 ||     3
  Use: Potion            |     1 |     1 |     1 |     4 ||     7
 Stab: Invisible         |       |       |       |     2 ||     2
Armor: Robe              |     6 |       |       |     4 ||    10
       Scale mail        |       |       |       |     5 ||     5
       Skin              |       |       |       |     1 ||     1
Dodge: Dodged            |    15 |    14 |    15 |    49 ||    93
       Rpst.: Scimitar   |       |       |     1 |    11 ||    12

Table legend: (Time is in decaauts)
 A = Elapsed time spent in this place.
 B = Non-inter-level travel time spent in this place.
 C = Inter-level travel time spent in this place.
 D = Time resting spent in this place.
 E = Time spent auto-exploring this place.
 F = Levels seen in this place.
 G = Mean time per level.
                   A        B        C        D        E       F      G
               +--------+--------+--------+--------+--------+-----+--------+
         Total |   3700 |   3533 |    167 |   2742 |      0 |   1 | 3700.0 |
       Dungeon |   3700 |   3533 |    167 |   2742 |      0 |   1 | 3700.0 |
               +--------+--------+--------+--------+--------+-----+--------+

Top non-repeatable levels by time:
       D: 3700 daAuts
